 Dungeon Crawl Stone Soup version 0.30.0 (webtiles) character file.

Game seed: 13254347228191533608

7903 Demosthentine the Spear-Bearer (level 11, -1/70 (77) HPs)
             Began as a Demonspawn Gladiator on May 6, 2023.
             Was a Priest of Hepliaklqana.
             Succumbed to Josephine's poison
             ... on level 10 of the Dungeon.
             The game lasted 00:10:16 (10209 turns).

Demosthentine the Spear-Bearer (DsGl)              Turns: 10209, Time: 00:10:17

HP:   -1/70 (77)    AC: 10    Str: 17    XL:     11   Next: 2%
MP:   7/16          EV: 16    Int:  9    God:    Hepliaklqana [***...]
Gold: 720           SH:  0    Dex: 17    Spells: 10/10 levels left

rFire   . . .        a - +1 trident
rCold   . . .        (no shield)
rNeg    . . .        b - +0 leather armour
rPois   .            c - +0 helmet
rElec   .            o - +0 cloak
rCorr   .            j - +0 pair of gloves
SInv    .            (no boots)
Will    ++...        h - amulet of magic regeneration
Stlth   ++           q - ring of willpower
HPRegen 0.31/turn    y - ring of willpower
MPRegen 0.70/turn

%: guardian spirit
@: mighty, lethally poisoned (-1 -> -28), slowed, drained, very slow
A: reduced essence, hooves 2, molten scales 2, magic shield, magic regeneration
a: Renounce Religion, Recall Ancestor, Ancestor Identity, Transference


You were on level 10 of the Dungeon.
You worshipped Hepliaklqana.
Hepliaklqana was most pleased with you.
You visited 2 branches of the dungeon, and saw 12 of its levels.

You collected 720 gold pieces.

Inventory:

Hand Weapons
 a - a +1 trident (weapon)
Missiles
 d - 2 throwing nets (quivered)
 e - a javelin
 i - 22 poisoned darts
 n - 3 atropa-tipped darts
 u - 6 curare-tipped darts
Armour
 b - a +0 leather armour (worn)
 c - a +0 helmet (worn)
 j - a +0 pair of gloves (worn)
 o - a +0 cloak (worn)
Jewellery
 h - an amulet of magic regeneration (around neck)
 q - a ring of willpower (left hand)
 y - a ring of willpower (right hand)
Wands
 r - a wand of digging (3)
 s - a wand of roots (8)
 w - a wand of polymorph (11)
 z - a wand of flame (38)
 A - a wand of paralysis (12)
Scrolls
 k - a scroll of enchant weapon
 m - 2 scrolls of silence
 p - a scroll of identify
 v - 2 scrolls of teleportation
 D - a scroll of fear
Potions
 f - 2 potions of mutation
 g - 3 potions of lignification
 l - a potion of flight
 t - a potion of might
 x - a potion of brilliance
 B - a potion of curing
 E - a potion of haste


   Skills:
 + Level 8.3 Fighting
 + Level 8.9 Polearms
 - Level 1.7 Throwing
 - Level 6.0 Armour
 + Level 8.0 Dodging
 - Level 1.8 Stealth
 + Level 6.8 Invocations


You had 10 spell levels left.
You didn't know any spells.
Your spell library contained the following spells:

 Spells                   Type           Power      Damage    Failure   Level
 Apportation              Tloc           0%         N/A       43%         1
 Freeze                   Ice            0%         1d3       43%         1
 Necrotise                Necr           0%         1d4       43%         1
 Summon Small Mammal      Summ           0%         N/A       43%         1
 Ensorcelled Hibernation  Hex/Ice        0%         N/A       58%         2
 Passwall                 Tmut/Erth      0%         N/A       58%         2
 Poisonous Vapours        Pois/Air       0%         N/A       58%         2
 Dazzling Flash           Conj/Hex       0%         N/A       82%         3
 Frozen Ramparts          Ice            0%         1d1       82%         3
 Hailstorm                Conj/Ice       0%         3d3       82%         3
 Inner Flame              Hex/Fire       0%         N/A       82%         3
 Mephitic Cloud           Conj/Pois/Air  0%         N/A       82%         3
 Portal Projectile        Hex/Tloc       0%         N/A       82%         3
 Swiftness                Air            0%         N/A       82%         3
 Tukima's Dance           Hex            0%         N/A       82%         3
 Volatile Blastmotes      Fire/Tloc      0%         2d10      82%         3
 Flame Wave               Conj/Fire      0%         2d4       99%         4
 Ice Form                 Ice/Tmut       0%         N/A       99%         4
 Iskenderun's Mystic Bla  Conj/Tloc      0%         2d3       99%         4
 Sticky Flame             Conj/Fire      0%         2d3       99%         4
 Alistair's Intoxication  Tmut/Pois      0%         N/A       100%        5
 Blade Hands              Tmut           0%         N/A       100%        5
 Freezing Cloud           Conj/Ice/Air   0%         6-21      100%        5
 Simulacrum               Ice/Necr       0%         N/A       100%        6
 Starburst                Conj/Fire      0%         6d3       100%        6


Dungeon Overview and Level Annotations

Branches:
Dungeon (11/15)            Temple (1/1) D:4            Lair (0/5) D:10
    Orc: D:9-12

Altars:
Ashenzari
Cheibriados
Dithmenos
Gozag
Hepliaklqana
Kikubaaqudgha
Makhleb
Nemelex Xobeh
Okawaru
Qazlal
Ru
Sif Muna
Trog
Uskayaw
Vehumet
Wu Jian
Xom
Yredelemnul

Shops:
D:5 [   D:10 *

Annotations:
D:10 Josephine
Temple 2 transporters


Innate Abilities, Weirdness & Mutations

Your life essence is reduced to manifest your ancestor. (-10% HP)
You have hoof-like feet.
You are mostly covered in molten scales. (AC +3)
When hurt, damage is shared between your health and your magic reserves.
You regenerate magic rapidly.


Message History

The wraith completely resists.
The ghostly fireball engulfs Josephine.
Josephine completely resists.
The ghostly fireball engulfs you!!
You feel drained.
* * * LOW HITPOINT WARNING * * *
You hit the wraith. You kick the wraith, but do no damage.
The wraith is moderately damaged.
The wraith completely misses you.
You puncture Josephine! You kick Josephine!
Josephine is moderately wounded.
Josephine misses you.
You hit Josephine.
Josephine is moderately wounded.
Josephine closely misses you.
Unknown command.
You feel very mighty all of a sudden.
Josephine hits you with a +1 dagger of venom.
* * * LOW HITPOINT WARNING * * *
Josephine closely misses you.
Okay, then.
You closely miss Josephine. You kick Josephine, but do no damage.
Josephine is moderately wounded.
Josephine points at you and mumbles some strange words.
The ghostly flame explodes!
The ghostly fireball engulfs you.
You feel drained.
* * * LOW HITPOINT WARNING * * *
The ghostly fireball engulfs Josephine.
Josephine completely resists.
You hit Josephine. Your kick misses Josephine.
Josephine is moderately wounded.
Josephine hits you with a +1 dagger of venom.
* * * LOW HITPOINT WARNING * * *
You are lethally poisoned!
You puncture Josephine! You kick Josephine!
Josephine is severely wounded.
* * * LOW HITPOINT WARNING * * *
You feel very sick.
Josephine hits you with a +1 dagger of venom.
* * * LOW HITPOINT WARNING * * *
You are more poisoned.
You closely miss Josephine.
Josephine is severely wounded.
You die...

#...>..# #..#
#...# # #......#
#..# #...# #
#......# #..#
#...# # #......#
#..# #...# #
#......# #..#
#...#### #......#
#..####.......
#.....W#
#.>......#####
#.####@#
#........# #.# #@#
#...###..# #.# #.#
#...# #..# #.#
#.###...# #..# #.#
#.......# #..# #.#
#.......# #..# #.#
#.......# #..#####
#.#
#.......###.......
#.#
#.......#.........
#.#
#.......#.####.###


You could see Josephine and a wraith.

Vanquished Creatures
  Grinder (D:4)
  A hornet (D:7)
  A shadow (D:9)
  A wyvern (D:9)
  9 yaks
  A steam dragon (D:10)
  An acid dragon (D:10)
  A water moccasin (D:6)
  A black bear (D:6)
  A sky beast (D:7)
  3 ogres
  A phantom (D:4)
  A kobold brigand (D:9)
  5 scorpions
  6 wights
  7 killer bees
  A howler monkey (D:5)
  A jelly (D:7)
  2 orc priests (D:5)
  4 hounds
  A sleepcap (D:8)
  2 iguanas
  4 orc wizards
  13 adders
  5 gnolls (D:6)
  2 white imps (D:6)
  3 ufetubi
  7 worms
  2 dart slugs (D:2)
  29 orcs
  11 ball pythons
  4 bats
  4 endoplasms
  2 giant cockroaches
  9 goblins
  8 hobgoblins
  2 jackals (D:1)
  11 kobolds
  2 quokkas (D:1)
  A frilled lizard (D:1)
  9 rats
180 creatures vanquished.

Vanquished Creatures (collateral kills)
  A two-headed ogre (D:10)
  An elephant (D:10)
  Maggie (D:9)
  A gargoyle (D:10)
  Prince Ribbit (D:7)
  A yak (D:10)
  A steam dragon (D:10)
  An acid dragon (D:10)
  2 black bears (D:10)
  An orc warrior (D:11)
  An ogre (D:5)
  A centaur (D:8)
  A bullfrog (D:9)
  A scorpion (D:5)
  A gnoll sergeant (D:6)
  4 wights (D:7)
  7 killer bees (D:9)
  5 orc wizards
  An adder (D:5)
  A white imp (D:5)
  6 orcs
  2 bats (D:5)
42 creatures vanquished.

Vanquished Creatures (others)
  3 hexers
  3 ancestors
  4 fungi (D:5)
  A withered plant (D:2)
11 creatures vanquished.

Grand Total: 233 creatures vanquished

Notes
Turn   | Place    | Note
-------+----------+-------------------------------------------
     0 | D:1      | Demosthentine the Demonspawn Gladiator began the quest for
                  | the Orb.
     0 | D:1      | Reached XP level 1. HP: 16/16 MP: 1/1
   231 | D:1      | Gained mutation: You regenerate magic rapidly. [demonic
                  | ancestry]
   231 | D:1      | Reached XP level 2. HP: 22/22 MP: 2/2
   584 | D:1      | Gained mutation: When hurt, damage is shared between your
                  | health and your magic reserves. [demonic ancestry]
   584 | D:1      | Reached XP level 3. HP: 24/27 MP: 3/3
   860 | D:2      | Reached skill level 1 in Armour
  1059 | D:2      | Found a faded altar of an unknown god.
  1115 | D:2      | Gained mutation: You have large cloven feet. [demonic
                  | ancestry]
  1115 | D:2      | Reached XP level 4. HP: 33/33 MP: 4/4
  1158 | D:2      | Found a broken altar of Ashenzari.
  2365 | D:4      | Found a staircase to the Ecumenical Temple.
  2366 | D:4      | Noticed a phantom
  2374 | D:4      | Killed a phantom
  2375 | D:4      | Gained mutation: You have hoof-like feet. [demonic
                  | ancestry]
  2375 | D:4      | Reached XP level 5. HP: 35/39 MP: 5/5
  2400 | Temple   | Entered the Ecumenical Temple
  2400 | Temple   | Found a transporter.
  2400 | Temple   | Found a transporter.
  2402 | Temple   | Found a transporter.
  2402 | Temple   | Found a transporter.
  2421 | Temple   | Became a worshipper of Hepliaklqana the Forgotten
  2542 | D:4      | Noticed Grinder
  2560 | D:4      | Killed Grinder
  2561 | D:4      | Reached skill level 1 in Stealth
  2561 | D:4      | Reached XP level 6. HP: 35/46 MP: 3/6
  2698 | D:4      | Reached skill level 5 in Polearms
  2721 | D:4      | Gained mutation: You are partially covered in molten
                  | scales. (AC +2) [demonic ancestry]
  2721 | D:4      | Reached XP level 7. HP: 41/52 MP: 5/7
  2876 | D:4      | Found a sacrificial altar of Ru.
  3450 | D:5      | Entered Level 5 of the Dungeon
  3684 | D:5      | Reached * piety under Hepliaklqana
  3868 | D:5      | Found Ruwirew's Antique Armour Emporium.
  3904 | D:5      | Found an iron altar of Okawaru.
  4125 | D:5      | Gained mutation: You are mostly covered in molten scales.
                  | (AC +3) [demonic ancestry]
  4125 | D:5      | Reached XP level 8. HP: 22/54 MP: 3/8
  4477 | D:5      | Found the +11 Singing Sword {sonic wave}
  5224 | D:6      | Reached skill level 5 in Dodging
  5562 | D:6      | Reached skill level 5 in Fighting
  5562 | D:6      | Reached skill level 5 in Armour
  5913 | D:7      | Reached XP level 9. HP: 45/51 MP: 6/9
  6375 | D:7      | Reached ** piety under Hepliaklqana
  6376 | D:7      | Remembered your ancestor Beorhtric as a hexer
  6387 | D:7      | Paralysed by a hornet for 1 turns
  6712 | D:7      | Noticed Prince Ribbit
  6724 | D:7      | Killed Prince Ribbit
  7006 | D:8      | Reached skill level 1 in Invocations
  7172 | D:8      | Reached XP level 10. HP: 69/69 MP: 12/12
  8165 | D:9      | HP: 3/71 [poisoned by a killer bee]
  8596 | D:9      | Noticed Maggie
  8607 | D:9      | Killed Maggie
  8998 | D:10     | Entered Level 10 of the Dungeon
  9008 | D:10     | Reached skill level 5 in Invocations
  9009 | D:10     | Reached *** piety under Hepliaklqana
  9267 | D:10     | Noticed an elephant
  9280 | D:10     | Killed an elephant
  9288 | D:10     | Found a staircase to the Lair.
  9343 | D:10     | Found Nauc's Fire Supplies.
  9357 | D:10     | Noticed a two-headed ogre
  9364 | D:10     | Killed a two-headed ogre
  9477 | D:10     | Noticed a gargoyle
  9513 | D:10     | Killed a gargoyle
  9514 | D:10     | Reached XP level 11. HP: 43/77 MP: 5/16
 10180 | D:11     | Noticed Josephine
 10209 | D:10     | Succumbed to Josephine's poison

Illustrated notes

Levels and vault maps discovered:
D:1:      dpeg_arrival_ratfight, layout_loops_ring,
          chequers_serial_rivers_small_b, minmay_misc_feat_roman
D:2:      layout_loops_ring, basic_altar, shapermc_ecumenical_altar_flowoftime
D:3:      layout_loops_cross
D:4:      kennysheep_six_static_rooms, layout_loops_cross,
          mainiacjoe_overflow_alcove_4, minmay_temple_entry_mist,
          minmay_misc_feat_tower, minivault_25, uniq_grinder
D:5:      old_forge, layout_basic, okawaru_ov_weapons_minmay, serial_shops,
          nicolae_shop_just_a_little_nook, nicolae_wormholes
D:6:      layout_basic, nicolae_eternal_life
D:7:      layout_gridville, uniq_prince_ribbit1
D:8:      layout_loops_ring
D:9:      hellmonk_destroyed_diamonds, layout_irregular_city,
          kennysheep_nondescript, uniq_maggie
D:10:     layout_long_grid, old_standard_altar, david_lair_generic,
          nicolae_shop_fire_sale [nicolae_sub_dead_trees]
D:11:     layout_gridville, minmay_orc_entry_guard_dogs, uniq_josephine
Temple:   hellmonk_temple_divided_pantheon

Skill      XL: |  1  2  3  4  5  6  7  8  9 10 11 |
---------------+----------------------------------+-----
Polearms       | 3 4 5 6 7 8 |  8.9
Dodging        | 3 4 5 6 7 8 |  8.0
Armour         | 1 2 3 4 5 6 |  6.0
Stealth        | 1 |  1.8
Fighting       | 3 5 6 8 |  8.3
Invocations    | 3 6 |  6.8
Throwing       | |  1.7

Action                     |  1- 3 |  4- 6 |  7- 9 | 10-12 || total
---------------------------+-------+-------+-------+-------++-------
  Melee: Trident           |   111 |    75 |   392 |   218 ||   796
         Punch             |     1 |       |     1 |     2 ||     4
         Kick              |       |    17 |    98 |    64 ||   179
  Throw: Throwing net      |       |     3 |     4 |     1 ||     8
 Invoke: Ancestor Life: He |       |       |     1 |       ||     1
    Use: Scroll            |     3 |     5 |     9 |     5 ||    22
         Potion            |       |       |     4 |     5 ||     9
   Stab: Sleeping          |     2 |     2 |    12 |     1 ||    17
         Held in net/web   |       |     2 |     1 |     3 ||     6
         Distracted        |       |       |     2 |     4 ||     6
         Confused          |       |       |     1 |     6 ||     7
 Armour: Leather armour    |    23 |    11 |   108 |    65 ||   207
  Dodge: Dodged            |    53 |    31 |   231 |   124 ||   439
